 Dungeon Crawl Stone Soup version 0.30-a0-748-ge6a52f7cba (webtiles) character file.

Game seed: 10942702281890452780

70 Esekla the Sneak (level 4, -1/31 HPs)
             Began as an Octopode Delver on Feb 8, 2023.
             Slain by a kobold brigand
             ... wielding a +0 dagger
              (6 damage)
             ... on level 6 of the Dungeon.
             The game lasted 00:04:08 (478 turns).

Esekla the Sneak (Octopode Delver)                   Turns: 478, Time: 00:04:09

Health: -1/31      AC:  1    Str: 11    XL:     4   Next: 21%
Magic:  5/5        EV: 13    Int: 14    God:
Gold:   50         SH:  0    Dex: 13    Spells: 5/5 levels left

rFire   . . .      SeeInvis .    a - +0 falchion
rCold   . . .      Faith    .    (no shield)
rNeg    . . .      Spirit   .    (helmet restricted)
rPois   .          Reflect  .    (no amulet)
rElec   .          Harm     .    (no ring)
rCorr   .          Rampage  .    (no ring)
Will    .....                    (no ring)
Stlth   +++++                    (no ring)
HPRegen 0.25/turn                (no ring)
MPRegen 0.09/turn                (no ring)
                                 (no ring)
                                 (no ring)

@: lethally poisoned (-1 -> -7), hasted and slowed
A: almost no armour, amphibious, 8 rings, camouflage 1, gelatinous body 1,
(nimble swimmer 1), tentacles
a: no special abilities


You were on level 6 of the Dungeon.
You visited 1 branch of the dungeon, and saw 2 of its levels.

You collected 50 gold pieces.

Inventory:

Hand Weapons
 a - a +0 falchion (weapon)
Missiles
 h - 5 javelins (quivered)
Wands
 f - a wand of digging (2)
Scrolls
 b - a scroll of fog
 c - a scroll of poison {unknown}
 i - a scroll of noise {unknown}
 j - a scroll of teleportation {unknown}
Potions
 g - a potion of attraction {unknown}


   Skills:
 * Level 3.4 Fighting
 * Level 2.5 Long Blades
 * Level 2.3 Dodging
 + Level 7.5 Stealth
 * Level 1.0 Spellcasting


You had 5 spell levels left.
You didn't know any spells.
Your spell library was empty.

Dungeon Overview and Level Annotations

Branches:
Dungeon (6/15)
 Temple: D:4-7

Altars:
Hepliaklqana
Nemelex Xobeh
Sif Muna
The Shining One

Shops:
D:5 *


Innate Abilities, Weirdness & Mutations

You cannot wear most types of armour.
You are amphibious.
You can wear up to eight rings at the same time.
Your skin changes colour to match your surroundings (Stealth+).
Your rubbery body absorbs attacks. (AC +1, EV +1)
((You are camouflaged when in or above water. (Stealth+)))
You have tentacles for arms and can constrict up to eight enemies at once.


Message History

HP restored.
There is an escape hatch in the floor here.
You slide downwards.
The hatch slams shut behind you.
The kobold shouts! x5
The kobold throws a stone.
The stone hits you.
A kobold comes into view. It is wielding a +0 club.
The kobold shouts!
The kobold brigand shouts!
Found 4 stones.
Found an escape hatch in the floor.
Found two stone staircases leading down.
The kobold throws a stone.
The stone misses you.
You closely miss the kobold.
The kobold shouts!
Your grab misses the kobold. Your squeeze misses the kobold.
A kobold opens the door.
The kobold misses you.
The kobold throws a stone.
The stone closely misses you.
You hit the kobold.
You kill the kobold!
The kobold brigand throws a curare-tipped dart.
The curare-tipped dart hits you.
You are poisoned.
You have difficulty breathing.
You feel yourself slow down.
You feel yourself speed up.
You feel very sick.
The kobold shouts!
You hear a shout! x2
The kobold closely misses you. The kobold hits you with a +0 dagger.
The kobold brigand hits you with a +0 dagger.
A kobold opens the door.
The kobold hits you with a +0 short sword.
The kobold closely misses you.
You hear a shout!
You barely miss the kobold brigand.
The kobold shouts! x2
You grab the kobold brigand. You constrict the kobold brigand.
* * * LOW HITPOINT WARNING * * *
You feel sick.
A kobold comes into view. It is wielding a +0 short sword.
The kobold hits you with a +0 short sword.
* * * LOW HITPOINT WARNING * * *
The kobold brigand hits you with a +0 dagger.
You die...

##### ##### #...#
#...# #..# #...#
#.K.# #####...##
#@K.#
#.......#..(#KK.....#
#.<...8.+...KK8...>.#
#.......#...#K......#
#####...##K##...#####
#...#KKK#...#
.#.⌠.#.>.# #..K#...#


You could see 2 kobold brigands and 10 kobolds.

Vanquished Creatures
  2 hounds (D:5)
  2 ufetubi (D:5)
  A kobold (D:6)
5 creatures vanquished.

Notes
Turn   | Place    | Note
-------+----------+-------------------------------------------
     0 | D:5      | Esekla the Octopode Delver began the quest for the Orb.
     0 | D:5      | Reached XP level 1. HP: 16/16 MP: 1/1
    16 | D:5      | Noticed a hound
    24 | D:5      | Killed a hound
    25 | D:5      | Reached skill level 7 in Stealth
    25 | D:5      | Reached XP level 2. HP: 10/21 MP: 2/2
    25 | D:5      | Reached XP level 3. HP: 12/26 MP: 3/3
   164 | D:5      | Found Odeurr's General Store.
   177 | D:5      | Reached skill level 1 in Spellcasting
   177 | D:5      | Reached XP level 4. HP: 19/31 MP: 5/5
   265 | D:5      | Found a glowing golden altar of the Shining One.
   267 | D:5      | Found a shimmering blue altar of Sif Muna.
   271 | D:5      | Found a hazy altar of Hepliaklqana.
   271 | D:5      | Found a sparkling altar of Nemelex Xobeh.
   366 | D:5      | Noticed an ogre
   473 | D:6      | Noticed a kobold brigand
   477 | D:6      | Noticed a kobold brigand
   478 | D:6      | Slain by a kobold brigand

Illustrated notes

Levels and vault maps discovered:
D:5:      wander_river, layout_rooms, nicolae_overflow_hidden_temple,
          serial_shops, shop
D:6:      layout_rooms, nicolae_elevator_lobby_plus

Skill      XL: |  1  2  3 |
---------------+----------+-----
Stealth        | 7 |  7.5
Spellcasting   | 1 |  1.0
Fighting       | |  3.4
Long Blades    | |  2.5
Dodging        | |  2.3

Action                     |  1- 3 |  4- 6 || total
---------------------------+-------+-------++-------
  Melee: Falchion          |    15 |     8 ||    23
         Tentacles         |     3 |     1 ||     4
         Constrict         |     2 |     2 ||     4
  Evoke: Wand              |       |     1 ||     1
    Use: Scroll            |     1 |     1 ||     2
         Potion            |       |     1 ||     1
 Armour: Skin              |     2 |       ||     2
  Dodge: Dodged            |    17 |    19 ||    36

Table legend: (Time is in decaauts)
 A = Elapsed time spent in this place.
 B = Non-inter-level travel time spent in this place.
 C = Inter-level travel time spent in this place.
 D = Time resting spent in this place.
 E = Time spent auto-exploring this place.
 F = Levels seen in this place.
 G = Mean time per level.
                   A        B        C        D        E       F      G
               +--------+--------+--------+--------+--------+-----+--------+
         Total |    482 |    482 |      0 |    200 |      0 |   2 |  241.0 |
       Dungeon |    482 |    482 |      0 |    200 |      0 |   2 |  241.0 |
               +--------+--------+--------+--------+--------+-----+--------+

Top non-repeatable levels by time:
     D:5: 473 daAuts
     D:6: 8 daAuts
